 Dungeon Crawl Stone Soup version 0.28-a0-1524-ge72afd5fc6 (webtiles) character file.

Game seed: 2609666970247736068

586 pokeman the Magician (level 7, 0/39 HPs)
             Began as a Deep Elf Hedge Wizard on Jan 17, 2022.
             Slain by a killer bee (3 damage)
             ... on level 5 of the Dungeon.
             The game lasted 00:18:33 (6419 turns).

pokeman the Magician (Deep Elf Hedge Wizard)        Turns: 6419, Time: 00:18:34

Health: 0/39       AC:  4    Str:  7    XL:     7   Next: 15%
Magic:  6/20       EV: 12    Int: 21    God:
Gold:   319        SH:  0    Dex: 14    Spells: 10/21 levels left

rFire   + . .      SeeInvis .   v - staff of fire
rCold   . . .      Faith    .   (no shield)
rNeg    + . .      Spirit   .   l - +0 leather armour
rPois   .          Reflect  .   c - +0 hat
rElec   .          Harm     .   (no cloak)
rCorr   .          Rampage  .   (no gloves)
Will    .....                   k - +0 pair of boots
Stlth   +.........              (no amulet)
HPRegen 0.13/turn               t - ring of positive energy
MPRegen 0.17/turn               (no ring)

@: confused, lethally poisoned (0 -> -10), ambrosia-drunk
A: no striking features
a: no special abilities


You were on level 5 of the Dungeon.
You visited 1 branch of the dungeon, and saw 5 of its levels.

You collected 319 gold pieces.

Inventory:

Hand Weapons
 b - a +0 hunting sling of flaming
Missiles
 i - 92 arrows
 m - 33 stones
Armour
 c - a +0 hat (worn)
 k - a +0 pair of boots (worn)
 l - a +0 leather armour (worn)
Magical Staves
 v - a staff of fire (weapon)
Jewellery
 t - a ring of positive energy (left hand)
Wands
 s - a wand of flame (13)
Scrolls
 g - a scroll of enchant armour {unknown}
 h - a scroll of amnesia {unknown}
 j - 2 scrolls of identify {unknown}
 n - a scroll of acquirement {unknown}
 p - a scroll of magic mapping {unknown}
 r - a scroll of blinking {unknown}
Potions
 e - a potion of cancellation {unknown}
 f - a potion of invisibility {unknown}
 o - a potion of resistance {unknown}
 q - a potion of heal wounds {unknown}
 u - a potion of curing {unknown}


   Skills:
 + Level 1.9 Fighting
 - Level 1.0 Armour
 - Level 3.0 Dodging
 - Level 3.1 Stealth
 * Level 7.7 Spellcasting
 + Level 3.7 Conjurations
 - Level 1.1 Summonings
 - Level 1.1 Translocations
 + Level 2.1 Fire Magic
 - Level 1.2 Air Magic
 - Level 1.1 Poison Magic


You had 10 spell levels left.
You knew the following spells:

 Your Spells              Type           Power      Damage    Failure   Level
a - Magic Dart            Conj           92%        1d7       2%          1
b - Mephitic Cloud        Conj/Pois/Air  16%        N/A       16%         3
c - Call Imp              Summ           12%        N/A       12%         2
d - Blink                 Tloc           24%        N/A       12%         2
e - Conjure Flame         Conj/Fire      30%        6-21      11%         3

Your spell library contained the following spells:

 Spells                   Type           Power      Damage    Failure   Level
 Slow                     Hex            32%        N/A       12%         1
 Ensorcelled Hibernation  Hex/Ice        16%        N/A       19%         2
 Frozen Ramparts          Ice            16%        1d3       34%         3
 Airstrike                Air            6%         N/A       58%         4
 Summon Lightning Spire   Summ/Air       12%        N/A       58%         4
 Conjure Ball Lightning   Conj/Air       9%         3x3d6     100%        6


Dungeon Overview and Level Annotations

Branches:
Dungeon (5/15)
 Temple: D:4-7

Altars:


Message History

Confirm with . or Enter, or press ? or * to list all spells.
The spell is quite dangerous to miscast (16% risk of failure)!
Continue anyway?
Aiming: Mephitic Cloud (quite dangerous; 16% risk of failure)
Press: ? - help, Shift-Dir - straight line, p - killer bee The ball explodes into a vile cloud!
The stinking cloud engulfs the killer bee but does no damage.
You hear an angry buzzing noise.
You hear a shout!
You hear a bark!
The killer bee stings you.
You are poisoned.
The killer bee poisons you!
A killer bee comes into view.
The killer bee barely misses you.
The killer bee is engulfed in noxious fumes.
The killer bee appears confused.
Unknown command.
Unknown command.
You feel sick. The killer bee stings you.
* * * LOW HITPOINT WARNING * * *
The killer bee stings you.
* * * LOW HITPOINT WARNING * * *
You are lethally poisoned!
The killer bee poisons you!
The killer bee is engulfed in noxious fumes.
The killer bee appears confused.
* * * LOW HITPOINT WARNING * * *
You feel very sick.
There is a stone staircase leading up here.
Unknown command.
It was a potion of ambrosia.
You are confused.
You feel invigorated.
* * * LOW HITPOINT WARNING * * *
You feel very sick. The killer bee stings you.
* * * LOW HITPOINT WARNING * * *
The killer bee stings you but does no damage.
The killer bee closely misses you.
The killer bee closely misses the killer bee.
The killer bee stings you.
You die...

#............
#....<......
#...........
#..........
#.........
#.......#
#.......##
#....y@..#
#.....yy.#
#...>....+
#....○..##
#.).....# ###'#
#.......##......
#..............$
#...............
#...............


You could see 3 killer bees.

Vanquished Creatures
  A black bear (D:4)
  A phantom (D:5)
  The ghost of leviel the Shield-Bearer, a weakling GrFi (D:3)
  2 hounds (D:4)
  A bullfrog skeleton (D:4)
  An iguana (D:4)
  An orc wizard (D:4)
  A hound skeleton (D:4)
  5 gnolls
  A howler monkey skeleton (D:4)
  7 adders
  A worm (D:4)
  A dart slug (D:1)
  4 orcs
  5 endoplasms
  5 giant cockroaches
  9 goblins
  7 hobgoblins
  4 jackals
  10 quokkas
  10 ball pythons
  4 bats
  5 frilled lizards
  5 kobolds
  22 rats
114 creatures vanquished.

Vanquished Creatures (collateral kills)
  A gnoll (D:1)
  3 rats (D:2)
4 creatures vanquished.

Vanquished Creatures (others)
  9 fungi (D:2)
  5 toadstools (D:2)
14 creatures vanquished.

Grand Total: 132 creatures vanquished

Notes
Turn   | Place    | Note
-------+----------+-------------------------------------------
     0 | D:1      | pokeman the Deep Elf Hedge Wizard began the quest for the
                  | Orb.
     0 | D:1      | Reached XP level 1. HP: 10/10 MP: 7/7
   212 | D:1      | Got the Compendium of Congealing Lightness
   224 | D:1      | Reached XP level 2. HP: 16/16 MP: 2/9
   351 | D:1      | Found a faded altar of an unknown god.
   352 | D:1      | Noticed an eye of devastation
   808 | D:1      | Reached skill level 5 in Spellcasting
  1062 | D:1      | Noticed a floating eye
  1065 | D:1      | Noticed a golden eye
  1094 | D:1      | Noticed a golden eye
  1167 | D:2      | Reached XP level 3. HP: 20/20 MP: 4/11
  1171 | D:2      | Learned a level 3 spell: Mephitic Cloud
  1183 | D:2      | Learned a level 2 spell: Call Imp
  1186 | D:2      | Learned a level 2 spell: Blink
  1190 | D:2      | Learned a level 3 spell: Conjure Flame
  1269 | D:2      | Reached skill level 1 in Fighting
  1269 | D:2      | Reached skill level 1 in Armour
  1726 | D:2      | Reached XP level 4. HP: 6/25 MP: 4/13
  2058 | D:2      | Reached skill level 1 in Fire Magic
  3307 | D:3      | Reached XP level 5. HP: 29/29 MP: 13/15
  3364 | D:3      | Reached skill level 6 in Spellcasting
  3587 | D:3      | Found a runed translucent door.
  4243 | D:3      | Noticed leviel's ghost (weakling GrFi)
  4262 | D:3      | Killed leviel's ghost
  4263 | D:3      | Reached skill level 1 in Air Magic
  4771 | D:4      | Noticed a black bear
  4781 | D:4      | Killed a black bear
  4782 | D:4      | Reached skill level 1 in Poison Magic
  4782 | D:4      | Reached XP level 6. HP: 33/34 MP: 13/17
  5064 | D:4      | Reached skill level 7 in Spellcasting
  6360 | D:5      | Entered Level 5 of the Dungeon
  6397 | D:5      | Reached XP level 7. HP: 27/39 MP: 5/20
  6419 | D:5      | Slain by a killer bee

Illustrated notes

Levels and vault maps discovered:
D:1:      dpeg_arrival_tiny_a, layout_basic,
          hellmonk_ecumenical_altar_watching_god
D:2:      layout_basic, minmay_gold_behind_fungi, kennysheep_flooded_box,
          corexii_hall_statues_l, minmay_rat_hole
D:3:      layout_basic, ebering_ghost_reflecting_pool
D:4:      layout_loops_corners
D:5:      cheibrodos_iron_armory, layout_gridville, minmay_temple_entry_statues,
          dk_rats_in_the_wall

Skill      XL: |  1  2  3  4  5  6 |
---------------+-------------------+-----
Spellcasting   | 5 6 7 |  7.7
Fighting       | 1 |  1.9
Armour         | 1 |  1.0
Conjurations   | 2 3 |  3.7
Fire Magic     | 1 2 |  2.1
Dodging        | 3 |  3.0
Air Magic      | 1 |  1.2
Stealth        | 3 |  3.1
Poison Magic   | 1 |  1.1
Summonings     | |  1.1
Translocations | |  1.1

Action                   |  1- 3 |  4- 6 |  7- 9 || total
-------------------------+-------+-------+-------++-------
Melee: Dagger            |    13 |    14 |       ||    27
       Punch             |       |     1 |       ||     1
 Cast: Magic Dart        |    89 |   214 |     1 ||   304
       Mephitic Cloud    |     2 |     4 |     2 ||     8
       Call Imp          |     1 |     1 |       ||     2
       Blink             |     1 |       |       ||     1
       Conjure Flame     |       |     6 |       ||     6
  Use: Potion            |       |       |     1 ||     1
 Stab: Confused          |     1 |     1 |       ||     2
Armor: Robe              |     2 |     2 |       ||     4
       Leather armour    |       |     6 |     1 ||     7
Dodge: Dodged            |    21 |    30 |     4 ||    55

Table legend: (Time is in decaauts)
 A = Elapsed time spent in this place.
 B = Non-inter-level travel time spent in this place.
 C = Inter-level travel time spent in this place.
 D = Time resting spent in this place.
 E = Time spent auto-exploring this place.
 F = Levels seen in this place.
 G = Mean time per level.
                   A        B        C        D        E       F      G
               +--------+--------+--------+--------+--------+-----+--------+
         Total |   6417 |   6325 |     92 |    152 |   5464 |   5 | 1283.4 |
       Dungeon |   6417 |   6325 |     92 |    152 |   5464 |   5 | 1283.4 |
               +--------+--------+--------+--------+--------+-----+--------+

Top non-repeatable levels by time:
     D:4: 1770 daAuts
     D:2: 1759 daAuts
     D:1: 1473 daAuts
     D:3: 1356 daAuts
     D:5: 58 daAuts
